 Dungeon Crawl Stone Soup version 0.25-a0-597-gb30770a0c0 (webtiles) character file.

Game seed: 15841749972417948332, levelgen mode: deterministic

52661 Eurus the Destroyer (level 14, -6/103 HPs)
             Began as a Mummy Conjurer on Mar 14, 2020.
             Was a High Priest of Ashenzari.
             Mangled by a minotaur
             ... wielding an uncursed staff of power
              (33 damage)
             ... in a Gauntlet on Mar 15, 2020.
             The game lasted 01:37:25 (32399 turns).

Eurus the Destroyer (Mummy Conjurer)               Turns: 32399, Time: 01:37:26

Health: -6/103     AC: 21    Str: 15    XL:     14   Next: 28%
Magic:  18/30      EV: 14    Int: 22    God:    Ashenzari [*****.]
Gold:   2587       SH: 14    Dex: 13    Spells: 31/38 levels left

rFire    . . .     SeeInvis +   y - +8 short sword of Blood {vorpal, +Fly rElec}
rCold    + . .     Gourm    .   z - +3 kite shield {reflect} (curse)
rNeg     + + +     Faith    .   H - +0 ring mail of Compassion {rF+} (curse)
rPois    ∞         Spirit   .   t - +2 helmet {Int+3} (curse)
rElec    +         Reflect  +   I - +2 cloak {rPois} (curse)
rCorr    .         Harm     .   n - +0 pair of gloves (curse)
MR       +....     Clarity  +   u - +2 pair of boots (curse) Stlth +.........NoTele +
                                l - amulet of the acrobat
HPRegen  0.27/turn              G - +2 ring of protection
MPRegen  0.22/turn              q - +4 ring of strength

@: no status effects
A: no food or potions, fire vulnerability, cold resistance 1, negative energy
resistance 3, torment resistance, unbreathing, in touch with death 1
a: Curse Item, Scrying, Transfer Knowledge, Renounce Religion, Evoke Flight


You were in a Gauntlet.
You worshipped Ashenzari.
Ashenzari was extremely pleased with you.
You were not hungry.

You visited 4 branches of the dungeon, and saw 22 of its levels.
You also visited: Gauntlet.

You collected 2802 gold pieces.
You spent 215 gold pieces at shops.

Inventory:

Hand Weapons
 r - a +6 flail
 y - the +8 short sword of Blood (weapon) {vorpal, +Fly rElec}
   (You found it on level 2 of the Lair of Beasts)

   It inflicts extra damage upon your enemies.
   It insulates you from electricity.
   It lets you fly.
Armour
 b - a scarf of repulsion
 n - a cursed +0 pair of gloves (worn)
 s - a +2 buckler of resistance
 t - a cursed +2 helmet of intelligence (worn)
 u - a cursed +2 pair of boots (worn)
 z - a cursed +3 kite shield of reflection (worn)
 B - the +2 scale mail of Vanutaca {rPois rF+ rC- Stlth+}
   (You found it on level 5 of the Lair of Beasts)

   It protects you from fire.
   It makes you vulnerable to cold.
   It protects you from poison.
   It makes you more stealthy.
 H - the cursed +0 ring mail of Compassion (worn) {rF+}
   (You found it on level 12 of the Dungeon)

   It protects you from fire.
   It has a curse placed upon it.
 I - a cursed +2 cloak of poison resistance (worn)
Magical Staves
 h - an uncursed staff of wizardry
 p - an uncursed staff of summoning
Jewellery
 a - an uncursed ring of ice
 g - an uncursed ring of ice
 l - an amulet of the acrobat (around neck)
 m - an uncursed ring of flight
 q - a +4 ring of strength (right hand)
 w - an uncursed ring of protection from fire
 G - a +2 ring of protection (left hand)
Wands
 i - a wand of acid (22)
 k - a wand of flame (26)
 o - a wand of digging (14)
 v - a wand of polymorph (2)
 C - a wand of disintegration (21)
 F - a wand of clouds (5)
Scrolls
 c - 11 scrolls of identify
 e - 3 scrolls of remove curse
 f - 5 scrolls of fog
 j - 10 scrolls of teleportation
 x - 2 scrolls of blinking
 A - a scroll of torment
 D - a scroll of amnesia
 E - 2 scrolls of fear


   Skills:
 + Level 7.0 Fighting
 + Level 6.1(10.2) Armour
 - Level 5.0(9.0) Dodging
 - Level 1.5 Stealth
 + Level 7.2(9.9) Shields
 + Level 12.9 Spellcasting
 * Level 13.1 Conjurations
 + Level 7.7 Translocations


You had 31 spell levels left.
You knew the following spells:

 Your Spells              Type           Power        Failure   Level  Hunger
a - Magic Dart            Conj           ####         1%          1    N/A
b - Searing Ray           Conj           ######       1%          2    N/A
c - Iskenderun's Mystic   Conj/Tloc      ######..     1%          4    N/A

Your spell library contained the following spells:

 Spells                   Type           Power        Failure   Level  Hunger
 Dazzling Flash           Conj/Hex       #####.       3%          3    N/A
 Portal Projectile        Hex/Tloc       ####..       9%          3    N/A
 Fulminant Prism          Conj/Hex       #####.....   10%         4    N/A
 Corona                   Hex            ##.....      16%         1    N/A
 Summon Butterflies       Summ           ##......     16%         1    N/A
 Summon Small Mammal      Summ           ##..         16%         1    N/A
 Call Imp                 Summ           ##......     22%         2    N/A
 Ensorcelled Hibernation  Hex/Ice        ##....       22%         2    N/A
 Slow                     Hex            ##......     22%         2    N/A
 Call Canine Familiar     Summ           ##......     41%         3    N/A
 Confusing Touch          Hex            ##......     41%         3    N/A
 Inner Flame              Hex/Fire       ##......     41%         3    N/A
 Summon Guardian Golem    Hex/Summ       ##......     41%         3    N/A
 Tukima's Dance           Hex            ##......     41%         3    N/A
 Cause Fear               Hex            ##........   83%         4    N/A
 Leda's Liquefaction      Hex/Erth       ##........   83%         4    N/A
 Summon Ice Beast         Ice/Summ       ##......     83%         4    N/A
 Summon Lightning Spire   Summ/Air       ##......     83%         4    N/A
 Summon Mana Viper        Hex/Summ       ##......     99%         5    N/A
 Summon Hydra             Summ           ##........   100%        7    N/A

Dungeon Overview and Level Annotations

Branches:
Dungeon (13/15)            Temple (1/1) D:7            Lair (6/6) D:8
 Shoals (0/4) Lair:2       Spider (0/4) Lair:4        Slime (0/5) Lair:6
    Orc (2/2) D:11            Elf (0/3) Orc:2       Gauntlet (1/1)
 Vaults: D:13-14

Altars:
Ashenzari
Cheibriados
Dithmenos
Elyvilon
Fedhas
Gozag
Hepliaklqana
Kikubaaqudgha
Makhleb
Nemelex Xobeh
Okawaru
Qazlal
Ru
Sif Muna
Trog
Uskayaw
Vehumet
Wu Jian
Xom
Yredelemnul
Zin
The Shining One
Beogh
Jiyva

Shops:
D:6 [   D:8 :

Annotations:
D:7 exclusion: deep elf mage
Lair:6 2 exclusions, Rupert Gauntlet , 6 transporters


Innate Abilities, Weirdness & Mutations

You do not eat or drink.
Your flesh is vulnerable to fire.
You are immune to poison.
Your flesh is cold resistant. (rC+)
You are immune to negative energy. (rN+++)
You are immune to unholy pain and torment.
You can survive without breathing.
You are in touch with the powers of death.


Message History

The minotaur is moderately wounded.
The minotaur evokes its amulet.
The minotaur goes berserk!
The searing ray hits the minotaur but does no damage.
The minotaur is moderately wounded.
The searing ray hits the minotaur.
The minotaur is moderately wounded.
You finish channeling your searing ray.
The minotaur completely misses you. The minotaur closely misses you.
You block the minotaur's attack. The minotaur gores you!!
You block the minotaur's attack. The minotaur closely misses you.
You block the minotaur's attack. The minotaur barely misses you.
Casting: Searing Ray (safe; 1% risk of failure)
Confirm with . or Enter, or press ? or * to list all spells.
You erupt in a blast of force!
The mystic blast hits the minotaur!
The minotaur is heavily wounded.
The minotaur hits you with an uncursed staff of power!!!
* * * LOW HITPOINT WARNING * * *
You block the minotaur's attack.
The minotaur hits you with an uncursed staff of power!!
You die...

#.§###..#
#..≈##..#############
#..###..##..........#
#..#....##.########.#
#..#©...##.#......#.#
.∩.#....##.#(# #.#
...#.......#.#∩,, #.#
#..#©...####.######.#
#..#....# #...H@...#
#.§###..# ##########
#..≈##..# #..###..#
#..≈##..# #..###..#
#..≈##### #..## #..≈#


You could see a minotaur (berserk).

Vanquished Creatures
  An ettin (Orc:2)
  Josephine (Lair:5)
  Harold (D:6)
  Fannar (D:10)
  8 hydras
  A death yak (Lair:5)
  2 thrashing horrors (Gauntlet)
  A soul eater (Gauntlet)
  A wizard (Gauntlet)
  An orc knight (Orc:2)
  3 orc sorcerers
  3 ugly things
  A manticore (D:13)
  A cyclops (D:11)
  3 merfolk sirens (Lair:2)
  The ghost of tape the Slasher, a novice TeFi (D:6)
  5 black mambas
  2 torpor snails (Lair:5)
  2 gargoyles
  15 spiny frogs
  6 komodo dragons
  2 rime drakes (Lair:5)
  3 trolls
  A polar bear (Lair:4)
  A merfolk (Lair:2)
  Grinder (D:3)
  25 blink frogs
  A slime creature (D:9)
  8 hippogriffs
  4 dream sheep (Lair:4)
  5 wraiths
  A wyvern (Lair:5)
  3 hungry ghosts
  29 yaks
  A basilisk (D:8)
  A warg (Orc:2)
  A vampire mosquito (D:7)
  Edmund (D:5)
  7 water moccasins
  8 porcupines
  7 orc warriors
  2 ice beasts
  7 sky beasts
  3 phantoms
  13 wolves
  12 ogres
  10 centaurs
  8 crocodiles
  2 small abominations (Gauntlet)
  4 big kobolds
  Blork the orc (D:5)
  14 bullfrogs
  2 gnoll sergeants
  6 scorpions
  15 wights
  10 killer bees
  3 howler monkeys
  2 electric eels (Lair:1)
  5 crimson imps
  A bullfrog zombie (D:9)
  12 jellies
  A quasit (D:8)
  3 bullfrog skeletons
  Crazy Yiuf (D:3)
  A gnoll shaman (D:4)
  8 orc priests
  6 centaur skeletons
  5 hounds
  4 iguanas
  19 orc wizards
  8 worker ants
  A hound zombie (D:4)
  2 hound skeletons
  2 howler monkey skeletons (D:4)
  14 gnolls
  18 adders
  11 shadow imps
  A white imp (Gauntlet)
  12 oozes (D:9)
  2 adder zombies (D:4)
  3 adder skeletons
  2 worms (D:3)
  3 dart slugs (D:1)
  2 leopard geckos
  61 orcs
  8 giant cockroaches
  9 goblins
  8 hobgoblins
  19 jackals
  23 kobolds
  8 quokkas
  A ball python (D:4)
  11 bats
  5 frilled lizards
  A jackal skeleton (D:5)
  A jackal zombie (D:7)
  A leopard gecko skeleton (D:5)
  2 leopard gecko zombies
  A quokka skeleton (D:6)
  5 rats
  2 fungi (Lair:5)
597 creatures vanquished.

Vanquished Creatures (others)
  A bush (Lair:4)
  23 fungi
  13 plants
37 creatures vanquished.

Grand Total: 634 creatures vanquished

Notes
Turn   | Place    | Note
-------+----------+-------------------------------------------
     0 | D:1      | Eurus the Mummy Conjurer began the quest for the Orb.
     0 | D:1      | Reached XP level 1. HP: 13/13 MP: 4/4
     3 | D:1      | Noticed an electric eel
    27 | D:1      | Noticed an electric eel
   202 | D:1      | Reached XP level 2. HP: 13/19 MP: 0/6
   563 | D:1      | Learned a level 2 spell: Searing Ray
   843 | D:1      | Reached XP level 3. HP: 24/24 MP: 6/8
  1514 | D:2      | Reached skill level 4 in Conjurations
  1947 | D:2      | Reached XP level 4. HP: 31/31 MP: 7/10
  1979 | D:2      | Reached skill level 1 in Fighting
  2179 | D:3      | Found a shadowy altar of Dithmenos.
  2179 | D:3      | Found a stormy altar of Qazlal.
  2537 | D:3      | Found a runed translucent door.
  2538 | D:3      | Noticed Crazy Yiuf
  2544 | D:3      | Killed Crazy Yiuf
  2584 | D:3      | Reached XP level 5. HP: 26/38 MP: 5/11
  2839 | D:3      | Noticed Grinder
  3920 | D:4      | Reached XP level 6. HP: 40/44 MP: 4/13
  3958 | D:4      | Reached skill level 5 in Conjurations
  3989 | D:3      | Reached skill level 5 in Spellcasting
  4219 | D:4      | Reached XP level 7. HP: 52/52 MP: 7/15
  4227 | D:4      | Learned a level 4 spell: Iskenderun's Mystic Blast
  5191 | D:4      | Reached skill level 1 in Shields
  5450 | D:5      | Entered Level 5 of the Dungeon
  5465 | D:5      | Reached skill level 1 in Translocations
  5503 | D:5      | Reached skill level 6 in Conjurations
  5778 | D:5      | Reached XP level 8. HP: 58/58 MP: 12/17
  5796 | D:5      | Noticed Edmund
  5853 | D:5      | Killed Edmund
  6131 | D:5      | Noticed Blork the orc
  6147 | D:5      | Killed Blork the orc
  6775 | D:6      | Found a runed translucent door.
  6777 | D:6      | Found Jasaol's Armour Boutique.
  6825 | D:6      | Bought a +2 helmet of intelligence for 215 gold pieces
  7306 | D:6      | Noticed tape's ghost (novice TeFi)
  7377 | D:6      | Reached skill level 7 in Conjurations
  7527 | D:6      | Reached XP level 9. HP: 55/65 MP: 14/19
  8433 | D:7      | Found a staircase to the Ecumenical Temple.
  8433 | D:7      | Noticed Harold
  8676 | D:6      | Killed Harold
  8676 | D:6      | Reached skill level 1 in Armour
  8676 | D:6      | Reached skill level 8 in Conjurations
  8823 | Temple   | Entered the Ecumenical Temple
  9119 | D:7      | Found a basalt altar of Yredelemnul.
  9119 | D:7      | Found a sacrificial altar of Ru.
  9120 | D:7      | Found a bloodstained altar of Trog.
  9145 | D:7      | Reached XP level 10. HP: 68/71 MP: 13/21
  9465 | D:7      | Found a white marble altar of Elyvilon.
  9483 | D:7      | Found a basalt altar of Yredelemnul.
  9483 | D:7      | Noticed a deep elf mage
  9839 | D:7      | Found a shimmering blue altar of Sif Muna.
 10073 | D:7      | Got a scintillating bronze ring
 10227 | D:8      | Found an opulent altar of Gozag.
 10525 | D:8      | Found a glowing golden altar of the Shining One.
 10687 | D:8      | Found a staircase to the Lair.
 10872 | D:8      | Found a shattered altar of Ashenzari.
 10875 | D:8      | Became a worshipper of Ashenzari the Shackled
 10875 | D:8      | Identified the ring of Aluotou {rPois Int-5 SInv Stlth+}
                  | (You found it on level 7 of the Dungeon)
 11057 | D:8      | Found Basoraxeo's Book Shop.
 11402 | D:8      | Found a glowing silver altar of Zin.
 11712 | D:8      | Identified the +6 battleaxe "Anecw" {antimagic, rF++} (You
                  | found it on level 7 of the Dungeon)
 11720 | D:9      | Found an ancient bone altar of Kikubaaqudgha.
 11957 | D:9      | Reached * piety under Ashenzari
 11986 | D:9      | Reached skill level 9 in Conjurations
 12816 | D:10     | Entered Level 10 of the Dungeon
 13163 | D:10     | Reached skill level 5 in Translocations
 13163 | D:10     | Reached XP level 11. HP: 77/77 MP: 20/24
 13248 | D:10     | Reached ** piety under Ashenzari
 13248 | D:10     | Noticed Fannar
 13949 | D:3      | Killed Grinder
 14066 | D:6      | Killed tape's ghost
 14306 | D:10     | Killed Fannar
 14306 | D:10     | Reached skill level 5 in Dodging
 16363 | D:11     | Found a staircase to the Orcish Mines.
 16487 | Lair:1   | Entered Level 1 of the Lair of Beasts
 16488 | Lair:1   | Upgraded the game from 0.25-a0-591-g2ad0d861f1 to
                  | 0.25-a0-597-gb30770a0c0
 16526 | Lair:1   | Reached skill level 5 in Fighting
 16688 | Lair:1   | Noticed a six-headed hydra
 16725 | Lair:1   | Killed a six-headed hydra
 16725 | Lair:1   | Reached skill level 10 in Conjurations
 17003 | Lair:1   | Reached *** piety under Ashenzari
 17595 | Lair:2   | Reached skill level 10 in Spellcasting
 18436 | Lair:2   | Reached XP level 12. HP: 87/87 MP: 19/26
 18851 | Lair:2   | Identified the +8 short sword of Blood {vorpal, +Fly rElec}
 19235 | Lair:2   | Found a staircase to the Shoals.
 19512 | Lair:3   | Reached skill level 5 in Shields
 19609 | Lair:3   | Reached **** piety under Ashenzari
 19621 | Lair:3   | Identified a scroll of acquirement
 19622 | Lair:3   | Identified the cursed ring of Fatigue {rPois rC+ AC+2
                  | Dex-3} (You acquired it on level 3 of the Lair of Beasts)
 19629 | Lair:3   | Noticed a five-headed hydra
 19652 | Lair:3   | Killed a five-headed hydra
 20001 | Lair:3   | Reached skill level 11 in Conjurations
 20957 | Lair:4   | Found a hole to the Spider Nest.
 21274 | Lair:4   | Noticed a five-headed hydra
 21726 | Lair:4   | Killed a five-headed hydra
 21771 | Lair:4   | Noticed a four-headed hydra
 21815 | Lair:4   | Killed a four-headed hydra
 21815 | Lair:4   | Reached skill level 5 in Armour
 22548 | Lair:5   | Gained mutation: You are in touch with the powers of death.
                  | [Mummy growth]
 22548 | Lair:5   | Reached XP level 13. HP: 94/96 MP: 19/28
 22593 | Lair:5   | Identified the cursed +1 arbalest of Taasaxoe {vorpal, rN++
                  | Int+2} (You acquired it on level 5 of the Lair of Beasts)
 22947 | Lair:5   | Got the uncursed scale mail of Vanutaca {rPois rF+ rC-
                  | Stlth+}
 23674 | Lair:6   | Entered Level 6 of the Lair of Beasts
 23737 | Lair:5   | Reached skill level 12 in Conjurations
 24468 | Lair:6   | Reached ***** piety under Ashenzari
 24678 | Lair:6   | Found a viscous altar of Jiyva.
 24678 | Lair:6   | Found a staircase to the Slime Pits.
 25563 | Lair:6   | Noticed Rupert
 26376 | Lair:6   | Noticed Josephine
 26480 | Lair:5   | Killed Josephine
 26896 | Lair:6   | Paralysed by Rupert for 2 turns
 27108 | Orc:1    | Entered Level 1 of the Orcish Mines
 27108 | Orc:1    | Found a roughly hewn altar of Beogh.
 27266 | Orc:1    | Found a roughly hewn altar of Beogh.
 28022 | Orc:2    | Entered Level 2 of the Orcish Mines
 28048 | Orc:2    | Found a staircase to the Elven Halls.
 28946 | Orc:2    | Noticed an ettin
 29079 | Orc:2    | Killed an ettin
 29388 | Orc:2    | Noticed an orc warlord
 30134 | D:12     | Reached XP level 14. HP: 92/103 MP: 22/30
 31082 | D:12     | Got the cursed ring mail of Compassion {rF+}
 31144 | D:12     | Identified the cursed +0 ring mail of Compassion {rF+} (You
                  | found it on level 12 of the Dungeon)
 31144 | D:12     | Identified the +2 scale mail of Vanutaca {rPois rF+ rC-
                  | Stlth+} (You found it on level 5 of the Lair of Beasts)
 31328 | D:13     | Identified the +3 hand crossbow of the Briny Deep {penet,
                  | rC++}
 31450 | D:13     | Reached skill level 13 in Conjurations
 31643 | D:13     | Found a gate leading to a gauntlet.
 31668 | Gauntlet | Entered a Gauntlet
 31668 | Gauntlet | Found a runed translucent gate.
 31668 | Gauntlet | Found a transporter.
 31668 | Gauntlet | Found a transporter.
 31668 | Gauntlet | Found a transporter.
 31736 | Gauntlet | Found a transporter.
 31739 | Gauntlet | Found a runed translucent gate.
 31740 | Gauntlet | Found a runed translucent gate.
 31746 | Gauntlet | Found a transporter.
 31749 | Gauntlet | Found a transporter.
 31756 | Gauntlet | Found a runed translucent door.
 31758 | Gauntlet | Found a transporter.
 31760 | Gauntlet | Found a transporter.
 31768 | Gauntlet | Found a transporter.
 31786 | Gauntlet | Found a transporter.
 31803 | Gauntlet | Found a transporter.
 31806 | Gauntlet | Found a transporter.
 31807 | Gauntlet | Identified a +0 pair of boots of running
 32399 | Gauntlet | Mangled by a minotaur

Levels and vault maps discovered:
D:1:      arrival_aquarium_b, layout_rooms
D:2:      layout_loops_ring, grunt_ministairs_9, chequers_serial_rivers_micro_a,
          minmay_hedge_maze
D:3:      layout_basic, gammafunk_temple_overflow_wave, uniq_grinder,
          uniq_crazy_yiuf_cottage
D:4:      layout_cave_pools, first_ration, serial_undead, serial_undead_e,
          serial_undead_c, serial_undead_a, serial_undead_e, minmay_circle_x
D:5:      layout_basic, uniq_blork_the_orc, uniq_edmund
D:6:      layout_basic, ebering_ghost_sewer_d, serial_shops,
          nicolae_shop_waterfront, kennysheep_generic_room_15
D:7:      minmay_the_grid_octo_triangle [minmay_the_grid_octo_checkered,
          minmay_the_grid_octo_prize_single_spiral,
          minmay_the_grid_octo_vomiting_pacman], layout_rooms, tgw_sif,
          overflow_temple_1_default, gammafunk_temple_overflow_claw,
          minmay_temple_entry_stoned_glass, david_defended_altar_elf,
          uniq_harold
D:8:      layout_basic, kennysheep_mini_moat, zin_treasury,
          ashenzari_conservatory_becter, tso_altar, david_lair_generic,
          serial_shops, shop
D:9:      lemuel_slime, layout_irregular_city, lemuel_crystal_altar
D:10:     layout_roguey, uniq_fannar
D:11:     layout_gridville, orc_0_dummy
D:12:     layout_loops_ring
D:13:     layout_big_octagon, david_vaults_2, gauntlet_entry_generic,
          grunt_pizzeria, fedhas_altar_2
Temple:   cyrus_temple_forest
Lair:1:   layout_regular_city, serial_bayou_shore_a, grunt_megastairs_3
Lair:2:   layout_loops_ring, elwin_shoals_entry_stream
Lair:3:   layout_roguey
Lair:4:   layout_regular_city, dummy_spider_entry, columned_hall_lemuel,
          grunt_megastairs_4
Lair:5:   layout_misc_corridors, st_stairs_11
Lair:6:   minmay_lair_end_enchanted_forest, layout_cave_shapes, slime_altar_1,
          uniq_josephine, uniq_rupert
Orc:1:    layout_caves, basic_altar, mines1_david
Orc:2:    st_orc_congregation, layout_diamond_mine, serial_shops, shop_coins
Gauntlet: minmay_gauntlet_mixed_big_or_small [nicolae_gauntlet_arena_x,
          minmay_gauntlet_arena_77_run_for_it,
          gammafunk_gauntlet_arena_arrow_garden, minmay_gauntlet_arena_77_path,
          nicolae_gauntlet_arena_t_cross,
          minmay_gauntlet_arena_77_terracotta_army, gauntlet_exit_spiral]

Skill      XL: |  1  2  3  4  5  6  7  8  9 10 11 12 13 14 |
---------------+-------------------------------------------+-----
Spellcasting   | 3 4 5 6 7 9 10 11 12 | 12.9
Conjurations   | 4 5 6 7 8 9 10 11 12 13 | 13.1
Fighting       | 1 2 3 4 5 7 |  7.0
Shields        | 2 3 4 5 6 7 |  7.2
Translocations | 1 2 3 5 6 7 |  7.7
Dodging        | 2 3 4 5 |  5.0
Armour         | 1 3 4 5 6 |  6.1
Stealth        | |  1.5

Action                   |  1- 3 |  4- 6 |  7- 9 | 10-12 | 13-15 || total
-------------------------+-------+-------+-------+-------+-------++-------
Melee: Unarmed           |     5 |       |       |       |       ||     5
       Short sword       |    13 |       |       |       |       ||    13
       Dagger            |    89 |    52 |     3 |       |       ||   144
       Whip              |       |       |    19 |       |       ||    19
       Flail             |       |       |    43 |    50 |    20 ||   113
 Cast: Magic Dart        |    74 |    25 |    56 |   138 |    94 ||   387
       Searing Ray       |     1 |    20 |    89 |   214 |   208 ||   532
       Iskenderun's Myst |       |       |       |     6 |    23 ||    29
Invok: Curse Item        |       |       |       |     5 |     1 ||     6
 Abil: Evoke Flight      |       |       |       |     1 |       ||     1
  Use: Scroll            |       |       |     7 |    13 |     7 ||    27
 Stab: Sleeping          |       |       |       |     2 |       ||     2
Armor: Robe              |    23 |    20 |    60 |    37 |       ||   140
       Leather armour    |       |       |       |    50 |    68 ||   118
       Ring mail         |       |       |       |       |    31 ||    31
Dodge: Dodged            |    81 |    49 |   103 |   210 |   263 ||   706
       Deflected         |       |       |       |       |     5 ||     5
Block: Buckler           |       |       |    26 |   115 |   168 ||   309
       Kite shield       |       |       |       |       |     4 ||     4

Table legend:
 A = Non-vault XP
 B = Vault XP
 C = Vault XP percentage of total XP
 D = Non-vault monster count
 E = Vault monster count
 F = Vault count percentage of total count
                 A         B        C        D         E       F
            +---------+---------+-------+---------+---------+-------
      Total |   56766 |   18464 |  24.5 |     499 |      96 |  16.1
            +---------+---------+-------+---------+---------+-------
        D:1 |      47 |       0 |   0.0 |      25 |       0 |   0.0
        D:2 |      55 |      15 |  21.4 |      30 |       2 |   6.2
        D:3 |     163 |     440 |  73.0 |      28 |       3 |   9.7
        D:4 |     539 |     118 |  18.0 |      23 |       9 |  28.1
        D:5 |     510 |     254 |  33.2 |      17 |       2 |  10.5
        D:6 |    2140 |    1712 |  44.4 |      48 |       5 |   9.4
        D:7 |    1011 |     357 |  26.1 |      21 |       8 |  27.6
        D:8 |     895 |     728 |  44.9 |      16 |       4 |  20.0
        D:9 |    1081 |     726 |  40.2 |      30 |      22 |  42.3
       D:10 |    1629 |    1007 |  38.2 |      22 |       1 |   4.3
       D:11 |    3022 |       0 |   0.0 |      32 |       0 |   0.0
       D:12 |    5598 |       0 |   0.0 |      32 |       0 |   0.0
       D:13 |    1804 |       0 |   0.0 |       9 |       0 |   0.0
     Lair:1 |    2678 |     487 |  15.4 |      12 |       2 |  14.3
     Lair:2 |    4010 |    1783 |  30.8 |      20 |       4 |  16.7
     Lair:3 |    4184 |       0 |   0.0 |      17 |       0 |   0.0
     Lair:4 |    4344 |    2369 |  35.3 |      15 |       6 |  28.6
     Lair:5 |   14176 |    2465 |  14.8 |      46 |       6 |  11.5
     Lair:6 |    5361 |     414 |   7.2 |      19 |       2 |   9.5
      Orc:1 |    1459 |       0 |   0.0 |      15 |       0 |   0.0
      Orc:2 |    2060 |    2135 |  50.9 |      22 |       9 |  29.0
   Gauntlet |       0 |    3454 | 100.0 |       0 |      11 | 100.0
            +---------+---------+-------+---------+---------+-------
